cohdb
Replays
Latest Replays
All Replays
Popular Replays
Top Player Replays
Match Explorer
How It Works
Community
CoH3 Stats
Reddit
Sign in to upload your games and track your stats! →
Sign in with Steam
Match 46916271
Unlisted
Match 46916271
Overview
Messages
Build Orders
End
Engineer Squad
Construct Weapon Support Center
M1919 Machine Gun Team
M1919 Machine Gun Team
Selects Special Operations Battlegroup
Bazooka Squad
Engineer Squad
Construct Medical Station
Selects Raiding Flares
Mechanized Support Center
Engineer Squad
M3 Armored Personnel Carrier
Bazooka Squad
Improved M9 Bazooka Rockets
Salvage Crew
Raiding Flares
Selects SSF Commando Squad
Construct Tank Depot
SSF Commando Squad
Selects M29 Weasel Recon Vehicle
Raiding Flares
Selects Mark Vehicle
Selects UNKNOWN (2162291)
M4A1 Sherman Whizbang
Raiding Flares
Tea Cup
A-Kai
Alekel
Zannen
Zds□■
Sgannarel
Lil Pijon
Ashkan_Hunter
0
0
Comments
sign in to comment!
No comments posted yet!